AoeStats
← A Bá

Black Forest

508638384Analyzed
4v4 RM · 10d ago on Sep 23, 2026· 24m 45s· 8 players
Game mode
Random Map
Map size
Large (8 player)
Population
200
Speed
Normal
Resources
Standard
Victory
Conquest
Starting age
Dark Age
Ending age
Imperial Age
RankedLock teamsTeams togetherTeam positionsShared explorationLock speedFull tech treeHidden civsTurbo modeCheats
Victory
Defeat
🇻🇳 Turks · Vietnam
1196
+15
🇨🇳 Bohemians · China
1195
+15
1189
+15
🇦🇺 Saxons · Australia
1185
+16
1248
-17
🇵🇱 Varangians · Poland
1206
-17
🇹🇼 Persians · Taiwan
1146
-14
🇭🇰 Italians · Hong Kong SAR China
1111
-13
小花花
0:29 Loom
11:36 Feudal Age
16:11 Castle Age
14:33 Horse Collar
14:50 Double-Bit Axe
17:25 Bow Saw
Súc Vật Du Phong
5:11 Loom
12:58 Feudal Age
14:08 Double-Bit Axe
14:05 Horse Collar
14:15 Gold Mining
17:19 Castle Age
18:50 Bow Saw
18:41 Heavy Plow
23:32 Imperial Age
21:44 Padded Archer Armor
23:20 Leather Archer Armor
24:32 Wheelbarrow
重案组之虎曹达华JESSEJAMES
5:19 Loom
11:14 Feudal Age
14:59 Castle Age
13:41 Double-Bit Axe
13:39 Horse Collar
16:57 Wheelbarrow
16:54 Bow Saw
16:48 Heavy Plow
23:24 Hand Cart
23:12 Gold Mining
23:19 Stone Mining
A Bá
0:27 Loom
12:52 Feudal Age
17:59 Castle Age
15:59 Double-Bit Axe
16:45 Stone Mining
17:30 Gold Mining
19:28 Pikeman
20:08 Squires
20:17 Scale Mail Armor
Sir Cumcised
0:34 Loom
11:35 Feudal Age
12:15 Double-Bit Axe
16:03 Castle Age
17:10 Horse Collar
19:57 Town Watch
24:22 Wheelbarrow
Мордочка в кефире
8:48 Feudal Age
11:13 Double-Bit Axe
17:10 Loom
19:35 Castle Age
17:24 Horse Collar
18:29 Scale Barding Armor
18:37 Forging
20:04 Wheelbarrow
20:19 Fishing Lines
23:32 Bow Saw
23:27 Gold Mining
24:26 Stone Mining
25:02 Hand Cart
Kuo
3:51 Loom
12:02 Feudal Age
16:19 Castle Age
14:32 Double-Bit Axe
17:12 Horse Collar
17:44 Bow Saw
18:20 Heavy Plow
21:29 Fishing Lines
23:34 Scale Barding Armor
23:40 Forging
samchow100
1:01 Loom
12:29 Feudal Age
17:01 Castle Age
15:32 Fishing Lines
16:00 Double-Bit Axe
19:10 Gillnets
19:41 Bow Saw
19:42 Gillnets
20:08 Stone Mining
Connection lost

Rejoining the realm…

Still unreachable

The connection could not be restored.

Session expired

The server has moved on; the page needs a fresh start.